 Dungeon Crawl Stone Soup version 0.21.1-1-g345015f (webtiles) character file.

282 letownia2 the Conjurer (level 6, -6/37 HPs)
             Began as a Tengu Conjurer on Mar 5, 2018.
             Was a Follower of Cheibriados.
             Mangled by an orc warrior
             ... wielding a +2 scimitar of electrocution
              (10 damage)
             ... on level 7 of the Dungeon.
             The game lasted 00:09:12 (1781 turns).

letownia2 the Conjurer (Tengu Conjurer)             Turns: 1781, Time: 00:09:13

Health: -6/37      AC:  3    Str: 10    XL:     6   Next: 28%
Magic:  2/11       EV: 12    Int: 19    God:    Cheibriados [*.....]
Gold:   113        SH:  0    Dex: 17    Spells: 5/11 levels left

rFire    . . .     SeeInvis .   a - +1 whip (freeze)
rCold    . . .     Gourm    .   (no shield)
rNeg     . . .     Faith    .   v - +0 leather armour
rPois    .         Spirit   .   (helmet restricted)
rElec    .         Reflect  .   (no cloak)
rCorr    .         Harm     .   (no gloves)
MR       .....                  (boots unavailable)
Stlth    ++........             (no amulet)
HPRegen  0.12/turn              e - ring of wizardry
MPRegen  0.12/turn              (no ring)

@: very slow
A: beak, talons 3, able to fly 1
a: Fly, Bend Time, Renounce Religion


You were on level 7 of the Dungeon.
You worshipped Cheibriados.
Cheibriados was aware of your devotion.
You were not hungry.

You visited 2 branches of the dungeon, and saw 8 of its levels.

You collected 113 gold pieces.

Inventory:

Hand Weapons
 a - a +1 whip of freezing (weapon)
 b - a +0 mace of protection
 i - a +3 short sword
 t - a +2 whip of flaming
Armour
 f - a +0 robe
 g - a +0 ring mail
 v - a +0 leather armour (worn)
 y - a +0 scale mail
 A - a +0 cloak
Jewellery
 e - a ring of wizardry (left hand)
 j - an uncursed ring of fire
Wands
 k - a wand of digging (9)
 o - a wand of acid (2)
Scrolls
 d - 8 scrolls of identify {unknown}
 l - a scroll of blinking {unknown}
 m - 2 scrolls of teleportation {unknown}
 n - 4 scrolls of remove curse {unknown}
 q - 2 scrolls of enchant armour {unknown}
 r - a scroll of fog {unknown}
 x - a scroll of silence {unknown}
Potions
 h - a potion of lignification {unknown}
 p - 2 potions of flight {unknown}
 w - a potion of cancellation {unknown}
 z - a potion of curing
Books
 u - a book of Conjurations

   Spells                             Type                      Level
   a - Magic Dart                     Conjuration                  1
   b - Searing Ray                    Conjuration                  2
   c - Dazzling Spray                 Conjuration/Hexes            3
   d - Fulminant Prism                Conjuration/Hexes            4
   e - Force Lance                    Conjuration/Translocation    4
   f - Iskenderun's Mystic Blast      Conjuration                  4
Comestibles
 c - 6 rations
 s - a chunk of flesh


   Skills:
 + Level 3.2 Fighting
 - Level 2.1 Dodging
 - Level 2.0 Stealth
 - Level 3.0 Spellcasting
 + Level 7.8 Conjurations


You had 5 spell levels left.
You knew the following spells:

 Your Spells              Type           Power        Failure   Level  Hunger
a - Magic Dart            Conj           ####         1%          1    None
l - Searing Ray           Conj           ####..       1%          2    ##.....
x - Dazzling Spray        Conj/Hex       ###...       4%          3    ###....


Dungeon Overview and Level Annotations

Branches:
Dungeon (7/15)             Temple (1/1) D:4

Altars:
Ashenzari
Cheibriados
Dithmenos
Elyvilon
Fedhas
Gozag
Hepliaklqana
Kikubaaqudgha
Makhleb
Nemelex Xobeh
Okawaru
Ru
Sif Muna
Uskayaw
Vehumet
Zin

Shops:
D:6 (

Annotations:
D:6 Eustachio


Innate Abilities, Weirdness & Mutations

You have a beak for a mouth.
You have claws for feet.
You can fly.


Message History

Press: ? - help, Shift-Dir - straight line, f/p - orc warrior
Aim: an orc warrior, wielding a scimitar of electrocution and wearing a chain mail (moderately wounded)
The spray of energy misses the orc warrior.
The spray of energy hits the orc.
You kill the orc!
Cheibriados appreciates the change of pace.
Cheibriados slows and strengthens your metabolism.
Cheibriados raises the support of your attributes as your movement slows.
The orc warrior hits you with a scimitar of electrocution!
You are electrocuted!
Unknown command.
You hit the orc warrior but do no damage.
The orc warrior is moderately wounded.
The orc warrior barely misses you.
You closely miss the orc warrior. Your kick misses the orc warrior.
The orc warrior is moderately wounded.
The orc warrior hits you with a scimitar of electrocution!
* * * LOW HITPOINT WARNING * * *
You are electrocuted!
You die...

######
#...<####
#.......#
#######.#
#.# #.#
#.# #.#
#@# #o#
#.# #)..#
..#.#
.#.#.#
.?..# #
## ###


You could see an orc warrior.

Vanquished Creatures
  A crimson imp (D:5)
  A jelly (D:5)
  An orc priest (D:6)
  A centaur skeleton (D:5)
  An iguana (D:4)
  3 worker ants
  2 adders
  A howler monkey skeleton (D:4)
  3 leopard geckos (D:4)
  7 orcs
  A bat (D:1)
  2 hobgoblins (D:1)
  6 jackals
  A quokka (D:5)
  4 frilled lizards (D:4)
  A leopard gecko skeleton (D:5)
  A leopard gecko zombie (D:6)
  A rat (D:2)
38 creatures vanquished.

Notes
Turn   | Place    | Note
-------+----------+-------------------------------------------
     0 | D:1      | letownia2 the Tengu Conjurer began the quest for the Orb.
     0 | D:1      | Reached XP level 1. HP: 10/10 MP: 4/4
   391 | D:1      | Reached XP level 2. HP: 14/15 MP: 0/6
   521 | D:2      | Reached skill level 6 in Conjurations
   543 | D:1      | Learned a level 2 spell: Searing Ray
   648 | D:4      | Reached XP level 3. HP: 5/19 MP: 1/7
   655 | D:4      | Learned a level 3 spell: Dazzling Spray
   856 | D:4      | Reached skill level 1 in Fighting
   856 | D:4      | Reached XP level 4. HP: 6/25 MP: 0/9
  1055 | D:4      | Found a staircase to the Ecumenical Temple.
  1061 | Temple   | Entered the Ecumenical Temple
  1117 | Temple   | Became a worshipper of Cheibriados the Contemplative
  1188 | D:5      | Entered Level 5 of the Dungeon
  1212 | D:5      | Gained mutation: You can fly. [Tengu growth]
  1212 | D:5      | Reached XP level 5. HP: 24/30 MP: 5/10
  1365 | D:5      | Reached skill level 7 in Conjurations
  1571 | D:5      | Reached XP level 6. HP: 36/37 MP: 5/11
  1704 | D:6      | Found Miegi's Weapon Shoppe.
  1730 | D:6      | Noticed Eustachio
  1774 | D:7      | Noticed an orc warrior
  1779 | D:7      | Reached * piety under Cheibriados
  1781 | D:7      | Mangled by an orc warrior

Skill      XL: |  1  2  3  4  5 |
---------------+----------------+-----
Conjurations   | 6 7 |  7.8
Spellcasting   | 3 |  3.0
Fighting       | 1 3 |  3.2
Dodging        | |  2.1
Stealth        | |  2.0

Action                   |  1- 3 |  4- 6 || total
-------------------------+-------+-------++-------
Melee: Unarmed           |     8 |       ||     8
       Whip              |    12 |    35 ||    47
       Kick              |     4 |     5 ||     9
       Peck              |     3 |     7 ||    10
 Cast: Magic Dart        |    26 |    11 ||    37
       Searing Ray       |     3 |    11 ||    14
       Dazzling Spray    |       |     3 ||     3
  Use: Potion            |       |     1 ||     1
  Eat: Chunk             |       |     1 ||     1
       Ration            |       |     1 ||     1
Armor: Robe              |     6 |     3 ||     9
       Leather armour    |       |     6 ||     6
Dodge: Dodged            |    10 |    37 ||    47
